 Dungeon Crawl Stone Soup version 0.28-a0-620-g539b0f7ac7 (webtiles) character file.

Game seed: 16187678370217431793

55 bande the Covered (level 3, -9/24 HPs)
             Began as a Gargoyle Fighter on Oct 6, 2021.
             Killed from afar by Ijyb (33 damage)
             ... with a bolt of acid
             ... on level 3 of the Dungeon.
             The game lasted 00:03:01 (2381 turns).

bande the Covered (Gargoyle Fighter)                Turns: 2381, Time: 00:03:01

Health: -9/24      AC: 11    Str: 20    XL:     3   Next: 93%
Magic:  3/3        EV:  9    Int:  8    God:
Gold:   106        SH:  4    Dex:  9    Spells: 2/2 levels left

rFire   . . .      SeeInvis .   a - +0 war axe
rCold   . . .      Faith    .   c - +0 buckler
rNeg    + . .      Spirit   .   b - +0 scale mail
rPois   ∞          Reflect  .   (no helmet)
rElec   +          Harm     .   (no cloak)
rCorr   .          Rampage  .   (no gloves)
Will    .....                   e - +0 pair of boots
Stlth   ..........              (no amulet)
HPRegen 0.08/turn               (no ring)
MPRegen 0.08/turn               (no ring)

@: no status effects
A: sickness immunity, AC +3, negative energy resistance 1, electricity
resistance, torment resistance 1, petrification resistance
a: no special abilities


You were on level 3 of the Dungeon.
You visited 1 branch of the dungeon, and saw 3 of its levels.

You collected 106 gold pieces.

Inventory:

Hand Weapons
 a - a +0 war axe (weapon)
 i - a +0 war axe
Armour
 b - a +0 scale mail (worn)
 c - a +0 buckler (worn)
 e - a +0 pair of boots (worn)
Scrolls
 g - a scroll of magic mapping
 j - a scroll of enchant armour {unknown}
 k - 2 scrolls of identify {unknown}
 l - a scroll of vulnerability {unknown}
Potions
 d - a potion of might
 f - a potion of ambrosia {unknown}
 h - a potion of berserk rage {unknown}


   Skills:
 + Level 3.6 Fighting
 + Level 2.5 Axes
 + Level 4.1 Armour
 + Level 3.5 Shields


You had 2 spell levels left.
You didn't know any spells.
Your spell library was empty.

Dungeon Overview and Level Annotations

Branches:
Dungeon (3/15)

Altars:

Shops:
D:1 *

Annotations:
D:3 Ijyb


Innate Abilities, Weirdness & Mutations

You are immune to sickness and miasma.
Your stone body is resilient. (AC +3)
You are immune to poison.
You resist negative energy. (rN+)
You are resistant to electric shocks. (rElec)
You are resistant to unholy torment.
You are immune to petrification.


Message History

Partly explored, can't reach some places.
You climb downwards.
The ball python hisses angrily.
Found a leather armour.
There is a stone staircase leading up here.
Found 8 gold pieces.
You slash the ball python!
You kill the ball python!
You closely miss the quokka.
The quokka bites you but does no damage.
The quokka barely misses you.
You hit the quokka.
You kill the quokka!
No target in view!
No target in view!
No target in view!
No target in view!
No target in view!
No target in view!
Ijyb the Twisted Goblin comes into view.
She is wielding a +0 club and carrying a wand of acid (7).
Ijyb shouts!
An adder comes into view.
There are monsters nearby!
Found a scroll labelled LUMOTR VUTSE.
Ijyb hits you but does no damage.
You hit Ijyb but do no damage. You hit the adder. You block the adder's attack.
You block Ijyb's attack.
You miss the adder.
The adder is lightly wounded.
You slash Ijyb! The adder barely misses you. Ijyb completely misses you.
The adder bites you but does no damage. Ijyb hits you but does no damage.
You closely miss Ijyb.
Ijyb is moderately wounded.
You closely miss the adder. The adder closely misses you. Ijyb misses you.
You block the adder's attack.
You hit Ijyb but do no damage.
Ijyb is moderately wounded.
You hit the adder. The adder bites you but does no damage.
Ijyb zaps a wand.
The bolt of acid hits you!!
Ouch! That really hurt!
You die...

#. #.#### ...#
#.... ...#
#....#### ...###
#....?..# .....
#.#.###.###...####
#.#.#...$.........
#.#...............
#.#.......@g......
##.......###S......
#.......## ...#.##
#<##..#.# ...#
#.........# .....
#..#.#.#[.# ...#.#
#.........# .....#
..........# .....#
#..#..###..#


You could see Ijyb and an adder.

Vanquished Creatures
  An adder (D:2)
  2 dart slugs
  7 ball pythons
  3 bats
  2 endoplasms
  3 giant cockroaches (D:1)
  2 goblins
  4 hobgoblins
  2 quokkas
  4 frilled lizards
  7 kobolds
  3 rats
40 creatures vanquished.

Vanquished Creatures (others)
  2 plants (D:2)
2 creatures vanquished.

Grand Total: 42 creatures vanquished

Notes
Turn   | Place    | Note
-------+----------+-------------------------------------------
     0 | D:1      | bande the Gargoyle Fighter began the quest for the Orb.
     0 | D:1      | Reached XP level 1. HP: 14/14 MP: 1/1
   563 | D:1      | Reached XP level 2. HP: 13/19 MP: 2/2
  1037 | D:1      | Found Apreog's Assorted Antiques.
  1606 | D:2      | Reached XP level 3. HP: 23/23 MP: 3/3
  1860 | D:2      | Reached skill level 4 in Armour
  2374 | D:3      | Noticed Ijyb
  2381 | D:3      | Killed from afar by Ijyb

Illustrated notes

Levels and vault maps discovered:
D:1:      dpeg_arrival_arbitrary_b, layout_basic, serial_shops,
          nicolae_shop_behind_doors
D:2:      layout_loops_ring, lexackson_kobold_supper
D:3:      layout_loops_cross, item_on_display_a, uniq_ijyb

Skill      XL: |  1  2  3 |
---------------+----------+-----
Axes           | 2 |  2.5
Armour         | 4 |  4.1
Fighting       | |  3.6
Shields        | |  3.5

Action                   || total
-------------------------++-------
Melee: War axe           ||   153
  Use: Scroll            ||     2
Armor: Scale mail        ||   106
Dodge: Dodged            ||    69
Block: Buckler           ||    32

Table legend: (Time is in decaauts)
 A = Elapsed time spent in this place.
 B = Non-inter-level travel time spent in this place.
 C = Inter-level travel time spent in this place.
 D = Time resting spent in this place.
 E = Time spent auto-exploring this place.
 F = Levels seen in this place.
 G = Mean time per level.
                   A        B        C        D        E       F      G
               +--------+--------+--------+--------+--------+-----+--------+
         Total |   2442 |   2407 |     35 |    471 |   1545 |   3 |  814.0 |
       Dungeon |   2442 |   2407 |     35 |    471 |   1545 |   3 |  814.0 |
               +--------+--------+--------+--------+--------+-----+--------+

Top non-repeatable levels by time:
     D:1: 1585 daAuts
     D:2: 838 daAuts
     D:3: 19 daAuts
